 Dungeon Crawl Stone Soup version 0.18-a0-1689-g473dde0 (webtiles) character file.

198 Gottschkopf the Conjurer (level 5, -2/28 HPs)
             Began as a Deep Elf Conjurer on Apr 5, 2016.
             Slain by a worker ant (5 damage)
             ... on level 4 of the Dungeon.
             The game lasted 00:10:18 (2747 turns).

Gottschkopf the Conjurer (Deep Elf Conjurer)        Turns: 2747, Time: 00:10:18

Health: -2/28      AC:  6    Str:  5    XL:     5   Next: 47%
Magic:  1/13       EV: 13    Int: 21    God:
Gold:   79         SH:  0    Dex: 15    Spells: 3 memorised, 6 levels left

rFire  . . .     SeeInvis .     o - +0 dagger
rCold  . . .     Gourm    .     a - +0 robe
rNeg   . . .     Faith    .     (no shield)
rPois  .         Spirit   .     e - +2 helmet
rElec  .         Dismiss  .     (no cloak)
rCorr  .         Reflect  .     n - +0 pair of gloves
SustAt .         Harm     .     (no boots)
MR     .....                    (no amulet)
Stlth  ++........               (no ring)
                                (no ring)

@: not resistant to hostile enchantments, unstealthy
A: no striking features
a: no special abilities


You were on level 4 of the Dungeon.
You were not hungry.

You visited 1 branch of the dungeon, and saw 4 of its levels.

You collected 79 gold pieces.

Inventory:

Hand Weapons
 o - a +0 dagger (weapon)
Armour
 a - a +0 robe (worn)
 e - a +2 helmet (worn)
 n - a +0 pair of gloves (worn)
Scrolls
 g - a scroll of recharging {unknown}
 h - a scroll of random uselessness
 j - a scroll of blinking {unknown}
 l - 3 scrolls of teleportation {unknown}
 m - a scroll of identify {unknown}
 p - 2 scrolls of magic mapping {unknown}
 s - a scroll of amnesia {unknown}
Potions
 i - a potion of heal wounds {unknown}
 q - a potion of agility {unknown}
 r - a potion of curing {unknown}
Books
 b - a book of Conjurations

   Spells                             Type                      Level
   a - Magic Dart                     Conjuration                  1
   b - Searing Ray                    Conjuration                  2
   c - Dazzling Spray                 Conjuration/Hexes            3
   d - Fulminant Prism                Conjuration/Hexes            4
   e - Iskenderun's Mystic Blast      Conjuration                  4
   f - Iskenderun's Battlesphere      Conjuration/Charms           5
Comestibles
 c - 3 bread rations
 d - 2 chunks of flesh
 f - 2 meat rations
 k - 2 royal jellies


   Skills:
 - Level 2.4 Dodging
 - Level 2.4 Stealth
 + Level 4.4 Spellcasting
 + Level 6.6 Conjurations
 * Level 1.8 Hexes


You had 6 spell levels left.
You knew the following spells:

 Your Spells              Type           Power        Failure   Level  Hunger
a - Magic Dart            Conj           ####         1%          1    None
b - Searing Ray           Conj           ####..       1%          2    #......
c - Dazzling Spray        Conj/Hex       ###.....     10%         3    ##.....


Dungeon Overview and Level Annotations

Branches:
Dungeon (4/15)
 Temple: D:4-7

Altars:
Cheibriados
Makhleb
Okawaru

Annotations:
D:4 Gottschkopf's ghost, novice MiFi


Message History

Gottschkopf's ghost hits you but does no damage.
A jackal comes into view.
The searing ray hits Gottschkopf's ghost.
Gottschkopf's ghost is heavily damaged.
Gottschkopf's ghost hits you!
* * * LOW HITPOINT WARNING * * *
The jackal barks! 2 jackals come into view.
The searing ray hits Gottschkopf's ghost.
Gottschkopf's ghost is severely damaged.
Gottschkopf's ghost says, "You can hit me, but you can't hurt me."
Gottschkopf's ghost hits you.
* * * LOW HITPOINT WARNING * * *
The worker ant misses you.
You see here a jackal corpse.
Gottschkopf's ghost says, "I won't need demonic support against you."
Things that are here:
a club x2; a jackal corpse The worker ant bites you.
You die...

......#.# .#...... #
..h...##.. #.......
..... #..# ###..#
##############.h..####
.......<...@aWh........
#############.###...###
######)# ##..# #......#
#... #....### #...
#..#####....# ...
#.........o#
#######....# #....#


You could see a worker ant, Gottschkopf's ghost and 2 jackals.

Vanquished Creatures
  An ogre (D:4)
  A worker ant (D:4)
  An adder (D:2)
  A dart slug (D:1)
  4 giant geckos
  9 orcs
  4 giant cockroaches
  5 goblins
  6 hobgoblins
  6 jackals
  A quokka (D:3)
  A ball python (D:1)
  6 bats
  A giant gecko skeleton (D:4)
  6 giant newts
  A kobold (D:3)
  7 rats
61 creatures vanquished.

Notes
Turn   | Place    | Note
--------------------------------------------------------------
     0 | D:1      | Gottschkopf the Deep Elf Conjurer began the quest for the Orb.
     0 | D:1      | Reached XP level 1. HP: 10/10 MP: 6/6
   246 | D:1      | Reached XP level 2. HP: 14/15 MP: 4/8
   250 | D:1      | Learned a level 2 spell: Searing Ray
   402 | D:1      | Reached skill level 5 in Conjurations
   930 | D:2      | Reached XP level 3. HP: 19/19 MP: 5/9
   935 | D:2      | Learned a level 3 spell: Dazzling Spray
  1062 | D:2      | Found a burning altar of Makhleb.
  1535 | D:3      | Found a snail-covered altar of Cheibriados.
  2204 | D:3      | Found an iron altar of Okawaru.
  2205 | D:3      | Reached XP level 4. HP: 24/24 MP: 9/11
  2519 | D:4      | Noticed an ogre
  2526 | D:4      | Killed an ogre
  2526 | D:4      | Reached skill level 6 in Conjurations
  2526 | D:4      | Reached skill level 1 in Hexes
  2526 | D:4      | Reached XP level 5. HP: 28/28 MP: 3/13
  2732 | D:4      | Noticed Gottschkopf's ghost (novice MiFi)
  2747 | D:4      | Slain by a worker ant

Vault maps used:
D:1:      minmay_arrival_wavy_path, minivault_26
D:2:      lemuel_coloured_pillars_altar, lightli_corner_chamber
D:3:      kennysheep_okawaru_gauntlet, cheibriados_altar_1, serial_glass,
          glass_columns_a, glass_columns_b, first_bread
D:4:      grunt_temple_overflow_holy_war, overflow_temple_1_default,
          uniq_sigmund

Skill      XL: |  1  2  3  4 |
---------------+-------------+-----
Conjurations   | 5 6 |  6.6
Spellcasting   | 4 |  4.4
Hexes          | 1 |  1.8
Dodging        | |  2.4
Stealth        | |  2.4

Action                   |  1- 3 |  4- 6 || total
-------------------------+-------+-------++-------
Melee: Unarmed           |    36 |       ||    36
       Short sword       |     5 |       ||     5
       Dagger            |     1 |     1 ||     2
 Cast: Magic Dart        |    69 |    20 ||    89
       Searing Ray       |     4 |     5 ||     9
       Dazzling Spray    |     2 |       ||     2
  Use: Scroll            |     2 |       ||     2
 Stab: Sleeping          |     3 |     1 ||     4
  Eat: Chunk             |     4 |     2 ||     6
